 Dungeon Crawl Stone Soup version 0.32-a0-996-gb3226c233f (webtiles) character file.

Game seed: 2989487800783980253

303 Dittersdorf the Shield-Bearer (level 6, -4/39 HPs)
             Began as a Gargoyle Fighter on Apr 23, 2024.
             Slain by a river rat (7 damage)
             ... in a sewer.
             The game lasted 00:03:01 (2938 turns).

Dittersdorf the Shield-Bearer (Gargoyle Fighter)    Turns: 2938, Time: 00:03:01

Health: -4/39      AC: 15    Str: 21    XL:     6   Next: 38%
Magic:  6/6        EV: -2    Int:  9    God:
Gold:   120        SH:  5    Dex: 15    Spells: 5/5 levels left

rFire   . . .        a - +1 flail
rCold   . . .        c - +0 buckler
rNeg    + . .        p - +0 chain mail
rPois   ∞            m - +0 helmet
rElec   +            (no cloak)
rCorr   .            (no gloves)
SInv    .            (no boots)
Will    .....        (no amulet) Stlth
                     b - +6 ring of dexterity
HPRegen 0.26/turn    (no ring)
MPRegen 0.10/turn

%: no passive effects
@: mighty, constricted, invisible, very slow
A: sickness immunity, AC +4, negative energy resistance 1, electricity
resistance, torment resistance 1, petrification resistance
a: no special abilities


You were in a sewer.
You visited 1 branch of the dungeon, and saw 4 of its levels.
You also visited: Sewer.

You collected 120 gold pieces.

Inventory:

Hand Weapons
 a - a +1 flail (weapon)
Missiles
 g - 2 throwing nets (quivered)
Armour
 c - a +0 buckler (worn)
 m - a +0 helmet (worn)
 p - a +0 chain mail (worn)
Jewellery
 b - a +6 ring of dexterity (left hand)
Scrolls
 e - a scroll of fog
 f - a scroll of teleportation
 k - 2 scrolls of enchant weapon
 l - a scroll of blinking
Potions
 h - 2 potions of curing {unknown}
 i - 2 potions of degeneration {unknown}
 j - a potion of haste {unknown}
 n - 2 potions of attraction {unknown}
 o - a potion of enlightenment


   Skills:
 + Level 4.6 Fighting
 + Level 3.5 Maces & Flails
 + Level 4.7 Armour
 + Level 4.8 Shields


You had 5 spell levels left.
You didn't know any spells.
Your spell library was empty.

Dungeon Overview and Level Annotations

Branches:
Dungeon (4/15)              Sewer (1/1)
 Temple: D:4-7

Altars:
Elyvilon
Ru

Shops:
D:2 (


Innate Abilities, Weirdness & Mutations

You are immune to sickness and miasma.
Your stone body is resilient. (AC +4)
You are immune to poison.
You resist negative energy. (rN+)
You are resistant to electric shocks. (rElec)
You are resistant to unholy torment.
You are immune to petrification.


Message History

You closely miss the river rat. The adder closely misses you.
The ball python bites you.
* * * LOW HITPOINT WARNING * * *
The ball python barely misses you. The adder bites you but does no damage.
The river rat bites you.
* * * LOW HITPOINT WARNING * * *
The river rat barely misses you. The ball python closely misses you.
The ball python barely misses you.
Your unstable footing causes you to fumble your attack.
The adder bites you but does no damage.
The ball python bites you but does no damage.
You block the ball python's attack.
The river rat bites you but does no damage.
The adder bites you but does no damage.
You feel very mighty all of a sudden. The ball python completely misses you.
You block the ball python's attack.
The river rat bites you but does no damage.
The adder bites you but does no damage.
The river rat bites you but does no damage.
You fade into invisibility!
The ball python bites you but does no damage.
You block the ball python's attack. The adder barely misses you.
You block the river rat's attack.
The river rat bites you but does no damage.
The ball python barely misses you. The ball python grabs you.
The ball python constricts you.
As you read the scroll of fog, it dissolves into smoke.
You block the adder's attack.
The river rat bites you but does no damage. x2
The ball python bites you.
* * * LOW HITPOINT WARNING * * *
The ball python constricts you.
* * * LOW HITPOINT WARNING * * *
The adder bites you but does no damage.
You sock the river rat!
The river rat is almost dead.
The river rat bites you.
* * * LOW HITPOINT WARNING * * *
The river rat bites you!
You die...

#~≈~≈≈≈#
#≈~~≈≈≈#
#≈~≈~≈≈#
#≈~~~≈≈#
#≈~~≈≈≈#
#≈††~≈≈#
#~≈≈≈≈≈#
#≈.~≈≈≈#
#.≈#≈≈≈#
#≈~≈~~≈#
#~~~≈≈≈#
#≈≈~~.≈#
#~~~≈≈≈#
#≈≈≈~≈≈#
#≈~§§§§#
#≈~~#≈≈#
#≈§r@r≈#
#≈~~~≈≈#
#≈§SS§§#
#≈~~~≈≈#
#≈≈§rr≈#
#≈~~~≈≈#
#≈≈≈r~≈#
#≈≈≈~≈≈#
#≈≈~~~~#
#~≈~~≈~#
##.~...#
##.~.~.#
......#
#......#
......##
#..∩∩..#
.......#
#......#


You could see an adder, 2 river rats, a ball python and 2 rats.

Vanquished Creatures
  A black bear (D:4)
  A scorpion (D:4)
  A bombardier beetle (D:3)
  An adder (D:3)
  5 river rats
  2 dart slugs (D:3)
  4 ribbon worms
  10 ball pythons
  3 bats
  4 endoplasms
  5 giant cockroaches
  4 goblins
  5 hobgoblins
  5 kobolds
  A quokka (D:1)
  3 frilled lizards
  15 rats
70 creatures vanquished.

Notes
Turn   | Place    | Note
-------+----------+-------------------------------------------
     0 | D:1      | Dittersdorf the Gargoyle Fighter began the quest for the
                  | Orb.
     0 | D:1      | Reached XP level 1. HP: 14/14 MP: 1/1
   317 | D:1      | Reached XP level 2. HP: 19/19 MP: 2/2
   802 | D:2      | Found Imoiprea's Weapon Emporium.
   978 | D:2      | Reached XP level 3. HP: 17/23 MP: 3/3
  1019 | D:2      | Found a sacrificial altar of Ru.
  1721 | D:3      | Reached XP level 4. HP: 29/29 MP: 4/4
  1843 | D:3      | Found a white marble altar of Elyvilon.
  2635 | D:4      | Noticed a black bear
  2649 | D:4      | Killed a black bear
  2650 | D:4      | Reached XP level 5. HP: 12/34 MP: 5/5
  2738 | D:4      | Found a glowing drain.
  2750 | D:4      | Reached XP level 6. HP: 30/39 MP: 6/6
  2847 | Sewer    | Entered a sewer
  2938 | Sewer    | Slain by a river rat

Illustrated notes

Levels and vault maps discovered:
D:1:      mrwooster_arrival_statue_3, layout_loops_ring
D:2:      layout_loops_ring, basic_altar, serial_shops, shop
D:3:      layout_basic, elyvilon_altar_3, moated_statue,
          kennysheep_cross_bottleneck, skrybe_limestone_x
D:4:      layout_loops_ring, portal_sewer_entry_a, uniq_menkaure,
          uniq_blork_the_orc
Sewer:    sewer_minmay_w

Skill      XL: |  1  2  3  4 |
---------------+-------------+-----
Armour         | 4 |  4.7
Shields        | 4 |  4.8
Fighting       | 4 |  4.6
Maces & Flails | 3 |  3.5

Action                     |  1- 3 |  4- 6 || total
---------------------------+-------+-------++-------
  Melee: Flail             |   102 |   149 ||   251
    Use: Scroll            |       |     9 ||     9
         Potion            |       |     2 ||     2
 Armour: Scale mail        |    79 |       ||    79
         Chain mail        |     4 |   192 ||   196
  Dodge: Dodged            |    47 |    79 ||   126
  Block: Buckler           |    20 |    47 ||    67

Table legend: (Time is in decaauts)
 A = Elapsed time spent in this place.
 B = Non-inter-level travel time spent in this place.
 C = Inter-level travel time spent in this place.
 D = Time resting spent in this place.
 E = Time spent auto-exploring this place.
 F = Levels seen in this place.
 G = Mean time per level.
                   A        B        C        D        E       F      G
               +--------+--------+--------+--------+--------+-----+--------+
         Total |   3032 |   2917 |    115 |     38 |   2167 |   5 |  606.4 |
       Dungeon |   2914 |   2799 |    115 |     38 |   2122 |   4 |  728.5 |
         Sewer |    118 |    118 |      0 |      0 |     45 |   1 |  118.0 |
               +--------+--------+--------+--------+--------+-----+--------+

Top non-repeatable levels by time:
     D:3: 1255 daAuts
     D:2: 723 daAuts
     D:1: 688 daAuts
     D:4: 248 daAuts
   Sewer: 118 daAuts
